 Dungeon Crawl Stone Soup version 0.19.1 (webtiles) character file.

280 Kirima the Covered (level 6, 0/36 HPs)
             Began as a Halfling Fighter on Dec 21, 2016.
             Slain by an ogre
             ... wielding a +0 giant spiked club
              (11 damage)
             ... on level 4 of the Dungeon.
             The game lasted 00:15:35 (2799 turns).

Kirima the Covered (Halfling Fighter)               Turns: 2799, Time: 00:16:05

Health: 0/36       AC: 17    Str: 19    XL:     6   Next: 52%
Magic:  6/6        EV: 11    Int:  6    God:
Gold:   183        SH: 11    Dex: 18    Spells: 0 memorised, 5 levels left

rFire  . . .     SeeInvis .     a - +0 long sword
rCold  . . .     Gourm    .     s - +6 chain mail of the Game of Kings {rN++ Dex+4}
rNeg   + + .     Faith    .     c - +0 shield
rPois  +         Spirit   .     j - +0 helmet
rElec  .         Reflect  .     (no cloak)
rCorr  .         Harm     .     (no gloves)
MR     +....                    (no boots)
Stlth  ..........               (no amulet)
                                u - ring of protection from magic
                                h - +4 ring of evasion

@: no status effects
A: frail 1, mutation resistance 1, poison resistance
a: no special abilities


You were on level 4 of the Dungeon.
You were not hungry.

You visited 1 branch of the dungeon, and saw 4 of its levels.

You collected 183 gold pieces.

Inventory:

Hand Weapons
 a - a +0 long sword (weapon)
Armour
 b - a +0 scale mail
 c - a +0 shield (worn)
 j - a +0 helmet (worn)
 s - the +6 chain mail of the Game of Kings (worn) {rN++ Dex+4}
   (You found it on level 4 of the Dungeon)

   It affects your dexterity (+4).
   It greatly protects you from negative energy.
 A - a +0 cloak
Jewellery
 h - a +4 ring of evasion (left hand)
 i - an uncursed ring of ice
 m - an uncursed ring of resist corrosion
 u - a ring of protection from magic (right hand)
 x - an uncursed ring of fire
Scrolls
 e - a scroll of identify {unknown}
 n - a scroll of remove curse
 q - a scroll of enchant weapon {unknown}
 t - a scroll of amnesia {unknown}
 y - a scroll of teleportation {unknown}
Potions
 d - a potion of might
 k - a potion of agility {unknown}
 l - a potion of heal wounds {unknown}
 o - a potion of degeneration {unknown}
 p - a potion of resistance {unknown}
 w - a potion of cure mutation {unknown}
 z - a potion of haste {unknown}
Books
 v - a book of Changes

   Spells                             Type                      Level
   a - Beastly Appendage              Transmutation                1
   b - Sticks to Snakes               Transmutation                2
   c - Spider Form                    Transmutation/Poison         3
   d - Ice Form                       Ice/Transmutation            4
   e - Blade Hands                    Transmutation                5
Comestibles
 f - 2 bread rations
 g - a beef jerky
 r - 9 chunks of flesh


   Skills:
 - Level 2.6 Fighting
 + Level 4.1 Long Blades
 + Level 5.1 Armour
 + Level 4.9 Shields


You had 5 spell levels left.
You didn't know any spells.

Dungeon Overview and Level Annotations

Branches:
Dungeon (4/15)
 Temple: D:4-7

Altars:
Gozag
Zin


Innate Abilities, Weirdness & Mutations

You are small and have problems with some larger weapons.
You are somewhat resistant to further mutation.
You are frail. (-10% HP)
Your system is resistant to poisons. (rPois)


Message History

You finish taking off your +0 scale mail.
You start putting on your armour.
You continue putting on your polished chain mail. x5
You finish putting on the +6 chain mail of the Game of Kings {rN++ Dex+4}.
Things that are here:
a dagger; a robe The ogre shouts!
Things that are here:
a whip; 12 stones; an orc corpse
Things that are here:
a dagger; a robe You see here a cloak.
A - a cloak Keep equipping yourself?
You start putting on your armour.
You continue putting on your cloak. x2
The ogre hits you with a giant spiked club!!
Ouch! That really hurt!
You continue putting on your cloak.
The ogre hits you with a giant spiked club!
You die...

##### ######
#...## #....#
.....########...@#
...............O.#
.......#..>##....#
.................#
.....#...........#
.(...#...........#
#......#...##....#
#......))..##....#
###....#.).##....#


You could see an ogre.

Vanquished Creatures
  The ghost of feelmyfire the Cudgeler, an amateur DsCK of Xom (D:3)
  2 orc wizards (D:4)
  A worker ant (D:4)
  3 adders
  An adder skeleton (D:4)
  7 worms
  4 leopard geckos
  5 orcs
  5 bats
  3 giant cockroaches
  9 hobgoblins
  2 jackals (D:1)
  3 quokkas
  4 frilled lizards
  5 goblins
  2 kobolds (D:3)
  9 rats
66 creatures vanquished.

Notes
Turn   | Place    | Note
-------+----------+-------------------------------------------
     0 | D:1      | Kirima the Halfling Fighter began the quest for the Orb.
     0 | D:1      | Reached XP level 1. HP: 15/15 MP: 1/1
   285 | D:1      | Reached XP level 2. HP: 20/20 MP: 2/2
   909 | D:2      | Reached XP level 3. HP: 25/25 MP: 3/3
  1104 | D:2      | Found a glowing silver altar of Zin.
  1128 | D:2      | Reached skill level 4 in Armour
  1566 | D:2      | Found an opulent altar of Gozag.
  1633 | D:3      | Reached XP level 4. HP: 29/30 MP: 4/4
  2208 | D:3      | Noticed feelmyfire's ghost (amateur DsCK)
  2255 | D:3      | Killed feelmyfire's ghost
  2255 | D:3      | Reached XP level 5. HP: 18/35 MP: 5/5
  2495 | D:4      | Reached XP level 6. HP: 41/41 MP: 6/6
  2621 | D:4      | Reached skill level 5 in Armour
  2622 | D:4      | Gained mutation: Your system is resistant to poisons. (rPois) [potion of mutation]
  2622 | D:4      | Gained mutation: You are frail. (-10% HP) [potion of mutation]
  2758 | D:4      | Noticed an ogre
  2766 | D:4      | Got a polished chain mail
  2777 | D:4      | Identified the +6 chain mail of the Game of Kings {rN++ Dex+4} (You found it on level 4 of the Dungeon)
  2799 | D:4      | Slain by an ogre

Skill      XL: |  1  2  3  4  5  6 |
---------------+-------------------+-----
Armour         | 4 5 |  5.1
Long Blades    | 3 4 |  4.1
Shields        | 4 |  4.9
Fighting       | |  2.6

Action                   |  1- 3 |  4- 6 || total
-------------------------+-------+-------++-------
Melee: Long sword        |   109 |   170 ||   279
  Use: Scroll            |       |     2 ||     2
       Potion            |       |     1 ||     1
  Eat: Chunk             |     1 |     4 ||     5
       Beef jerky        |     1 |       ||     1
Armor: Scale mail        |    41 |    57 ||    98
Dodge: Dodged            |    38 |    73 ||   111
Block: Shield            |    68 |   108 ||   176
       Rpst.: Long sword |    13 |    32 ||    45
